 Dungeon Crawl Stone Soup version 0.20-b1-12-g5827e59 (webtiles) character file.

11452 ChaseSP the Cleaver (level 11, -6/99 HPs)
             Began as a Hill Orc Fighter on May 23, 2017.
             Was an Elder of Okawaru.
             Mangled by a spiny frog (9 damage)
             ... on level 2 of the Lair of Beasts.
             The game lasted 00:23:36 (12049 turns).

ChaseSP the Cleaver (Hill Orc Fighter)             Turns: 12049, Time: 00:23:37

Health: -6/99      AC: 15    Str: 19 (20) XL:     11   Next: 77%
Magic:  12/12      EV:  2    Int:  7 (8)  God:    Okawaru [****..]
Gold:   325        SH:  0    Dex: 14 (15) Spells: 10/10 levels left

rFire    . . .     SeeInvis .   a - +1 war axe
rCold    . . .     Gourm    .   c - +0 shield
rNeg     + + +     Faith    .   y - +0 chain mail
rPois    ∞         Spirit   .   (no helmet)
rElec    .         Reflect  .   (no cloak)
rCorr    .         Harm     .   H - +0 pair of gloves
MR       .....                  w - +1 pair of boots
Stlth    ..........             (no amulet)
Regen    0.3/turn               F - +1 ring of protection
MPRegen  0.2/turn               k - ring of stealth

@: petrified
A: agile 1, deterioration 1, poison resistance, evolution 1, sturdy frame 1
a: Heroism, Renounce Religion


You were on level 2 of the Lair of Beasts.
You worshipped Okawaru.
Okawaru was greatly pleased with you.
You were not hungry.

You visited 3 branches of the dungeon, and saw 14 of its levels.

You collected 710 gold pieces.
You spent 385 gold pieces at shops.

Inventory:

Hand Weapons
 a - a +1 war axe (weapon)
 b - a +1 flail of protection
 h - a +0 dire flail
 E - a +0 hand crossbow
Missiles
 r - 99 bolts
Armour
 c - a +0 shield (worn)
 w - a +1 pair of boots (worn)
 y - a +0 chain mail (worn)
 H - a +0 pair of gloves (worn)
Jewellery
 k - a ring of stealth (right hand)
 n - an uncursed ring of poison resistance
 F - a +1 ring of protection (left hand)
Wands
 C - a wand of iceblast (11/15)
 J - a wand of acid (6/15)
 K - a wand of digging (15/24)
 L - a wand of confusion (22/48)
 M - a wand of enslavement (15/24)
 N - a wand of polymorph (6/24)
Scrolls
 e - 6 scrolls of teleportation
 j - 4 scrolls of remove curse
 B - a scroll of fear
Potions
 d - 2 potions of cancellation
 g - 2 potions of invisibility
 i - 3 potions of brilliance
 m - a potion of haste
 o - 3 potions of lignification
 q - 2 potions of curing
 t - 4 potions of degeneration {unknown}
 u - 3 potions of heal wounds
 x - 3 potions of flight
 z - a potion of magic {unknown}
 A - a potion of might
 D - a potion of mutation {unknown}
Books
 I - a book of Minor Magic

   Spells                             Type                      Level
   a - Magic Dart                     Conjuration                  1
   b - Blink                          Translocation                2
   c - Call Imp                       Summoning                    2
   d - Slow                           Hexes                        2
   e - Conjure Flame                  Conjuration/Fire             3
   f - Mephitic Cloud                 Conjuration/Poison/Air       3
Miscellaneous
 p - a phial of floods
Comestibles
 f - 12 bread rations
 l - 6 meat rations
 s - 5 royal jellies
 v - 2 chunks of flesh
 G - 3 fruits


   Skills:
 + Level 9.8 Fighting
 - Level 14.0 Axes
 * Level 6.2 Crossbows
 + Level 6.8 Armour
 + Level 7.0 Dodging
 - Level 4.3 Shields
 - Level 2.0 Invocations


You had 10 spell levels left.
You didn't know any spells.

Dungeon Overview and Level Annotations

Branches:
Dungeon (11/15)            Temple (1/1) D:7            Lair (2/6) D:8
  Swamp: Lair:2-4    Shoals: Lair:2-4     Snake: Lair:2-4    Spider: Lair:2-4
    Orc: D:9-12

Altars:
Cheibriados
Dithmenos
Elyvilon
Fedhas
Gozag
Hepliaklqana
Kikubaaqudgha
Makhleb
Nemelex Xobeh
Okawaru
Qazlal
Ru
Sif Muna
Trog
Uskayaw
Vehumet
Xom
Yredelemnul
Zin
The Shining One

Shops:
D:8 }(**[

Annotations:
D:7 1 runed door
D:9 exclusion: oklob plant


Innate Abilities, Weirdness & Mutations

You are agile. (Dex +2)
Your body sometimes deteriorates upon taking damage.
Your system is resistant to poisons. (rPois)
You evolve.
Your movements are slightly less encumbered by armour. (ER -2)


Message History

* * * LOW HITPOINT WARNING * * *
The wolf bites you.
* * * LOW HITPOINT WARNING * * *
The basilisk gazes at you. You resist with some effort.
The wolf bites you but does no damage. x2
The spiny frog stings you!
* * * LOW HITPOINT WARNING * * *
The wolf bites you but does no damage. x2
The basilisk bites you but does no damage.
The spiny frog stings you but does no damage.
The wolf bites you.
* * * LOW HITPOINT WARNING * * *
The wolf bites you.
* * * LOW HITPOINT WARNING * * *
The wolf bites you but does no damage.
The basilisk bites you but does no damage.
The wolf bites you.
* * * LOW HITPOINT WARNING * * *
The spiny frog stings you!!
You die...

# ....#.) . ..> .
#...#..##.... #
...#.....#.. #
....<...P.P #
#........ .
##P..hh . .
..#...hl#####....
#
......h@F........
###!..P..####....
#......### $
#...##...## #.##
#....# ##
#..#..######
##..PP...#.#
#..)......### #
#............## #


You could see a spiny frog, a basilisk and 4 wolves.

Vanquished Creatures
  Fannar (Lair:2)
  2 two-headed ogres
  2 komodo dragons (Lair:1)
  4 hippogriffs
  Sigmund (D:2)
  A wyvern (D:10)
  14 yaks
  5 porcupines
  A phantom (D:7)
  5 ice beasts
  The ghost of broliato the Skirmisher, an amateur HOFi of Beogh (D:3)
  7 sky beasts
  A black bear (D:9)
  6 ogres
  2 centaurs
  2 crocodiles (Lair:2)
  2 big kobolds
  A gnoll sergeant (D:10)
  6 bullfrogs
  3 scorpions
  9 killer bees (D:9)
  8 wights
  4 howler monkeys
  4 crimson imps
  2 centaur zombies
  A bullfrog zombie (D:7)
  A quasit (D:9)
  2 hounds
  2 bullfrog skeletons
  2 orc priests
  12 jellies
  An iguana (D:4)
  2 orc wizards
  7 worker ants
  A killer bee zombie (D:7)
  A hound zombie (D:6)
  2 hound skeletons
  6 gnolls
  4 adders
  2 shadow imps
  11 oozes
  An adder skeleton (D:5)
  A worm (D:2)
  2 dart slugs
  5 leopard geckos
  17 orcs
  7 bats
  9 giant cockroaches
  6 goblins
  7 hobgoblins
  12 jackals
  7 quokkas
  2 ball pythons
  17 kobolds
  A leopard gecko skeleton (D:4)
  A quokka skeleton (D:5)
  2 rats (D:1)
248 creatures vanquished.

Vanquished Creatures (others)
  An adder skeleton (D:7)
  6 fungi (D:9)
  2 plants
9 creatures vanquished.

Grand Total: 257 creatures vanquished

Notes
Turn   | Place    | Note
-------+----------+-------------------------------------------
     0 | D:1      | ChaseSP the Hill Orc Fighter began the quest for the Orb.
     0 | D:1      | Reached XP level 1. HP: 19/19 MP: 1/1
    36 | D:1      | Reached skill level 3 in Axes
   278 | D:1      | Reached XP level 2. HP: 26/26 MP: 2/2
   548 | D:1      | Reached skill level 4 in Axes
   833 | D:2      | Reached XP level 3. HP: 24/31 MP: 3/3
  1081 | D:2      | Noticed Sigmund
  1090 | D:2      | Killed Sigmund
  1090 | D:2      | Reached skill level 7 in Axes
  1090 | D:2      | Reached XP level 4. HP: 39/39 MP: 4/4
  1090 | D:2      | Reached XP level 5. HP: 45/45 MP: 5/5
  1482 | D:3      | Noticed broliato's ghost (amateur HOFi)
  1495 | D:3      | Killed broliato's ghost
  1495 | D:3      | Reached skill level 8 in Axes
  1495 | D:3      | Reached XP level 6. HP: 21/52 MP: 6/6
  2264 | D:4      | Reached skill level 9 in Axes
  2278 | D:4      | Reached XP level 7. HP: 51/60 MP: 7/7
  2417 | D:4      | Reached skill level 5 in Fighting
  2859 | D:4      | Reached skill level 1 in Dodging
  2871 | D:5      | Entered Level 5 of the Dungeon
  2990 | D:5      | Found a glowing golden altar of the Shining One.
  3033 | D:5      | Reached skill level 10 in Axes
  3225 | D:5      | Found a basalt altar of Yredelemnul.
  3229 | D:5      | Noticed a profane servitor
  3248 | D:5      | Noticed an angel
  3391 | D:5      | Reached XP level 8. HP: 68/68 MP: 8/8
  3918 | D:6      | Reached skill level 11 in Axes
  3921 | D:6      | Gained mutation: Your mind is acute. (Int +2) [mutagenic meat]
  3922 | D:6      | Gained mutation: Your body sometimes deteriorates upon taking damage. [mutagenic meat]
  3923 | D:6      | Gained mutation: Your movements are slightly less encumbered by armour. (ER -2) [mutagenic meat]
  3924 | D:6      | Gained mutation: Your system is resistant to poisons. (rPois) [mutagenic meat]
  3925 | D:6      | Gained mutation: You expend magic power (3 MP) to strengthen your wands. [mutagenic meat]
  3926 | D:6      | Gained mutation: You evolve. [mutagenic meat]
  4234 | D:6      | Lost mutation: Your mind is acute. (Int +2) [mutagenic meat]
  4376 | D:6      | Reached skill level 12 in Axes
  4685 | D:6      | Reached XP level 9. HP: 71/74 MP: 9/9
  5433 | D:7      | Reached skill level 13 in Axes
  5448 | D:7      | Found a runed door.
  5448 | D:7      | Found a glowing golden altar of the Shining One.
  5448 | D:7      | Noticed an angel
  5649 | D:7      | Found a deep blue altar of Sif Muna.
  5759 | D:7      | Found a staircase to the Ecumenical Temple.
  5770 | Temple   | Entered the Ecumenical Temple
  5937 | Temple   | Became a worshipper of Warmaster Okawaru
  6073 | D:7      | Found an ancient bone altar of Kikubaaqudgha.
  6078 | D:7      | Found a sparkling altar of Nemelex Xobeh.
  6083 | D:7      | Found a hazy altar of Hepliaklqana.
  6550 | D:8      | Reached skill level 14 in Axes
  6550 | D:8      | Reached skill level 5 in Dodging
  6562 | D:8      | Found Pyfem's Antique Weapon Shop.
  6576 | D:8      | Found Jule's Gadget Shop.
  6694 | D:8      | Reached * piety under Okawaru
  6794 | D:8      | Found Duost's Assorted Antiques.
  6802 | D:8      | Bought 2 potions of curing for 210 gold pieces
  6802 | D:8      | Bought an encrusted opal ring for 175 gold pieces
  6946 | D:8      | Found Jaadgh's Armour Shoppe.
  6947 | D:8      | Found a staircase to the Lair.
  6974 | D:8      | Reached XP level 10. HP: 83/83 MP: 10/10
  7092 | D:8      | Noticed a two-headed ogre
  7104 | D:8      | Killed a two-headed ogre
  7104 | D:8      | Reached ** piety under Okawaru
  7423 | D:8      | Found Villemn's General Store.
  7564 | D:9      | Noticed a two-headed ogre
  7573 | D:9      | Killed a two-headed ogre
  7573 | D:9      | Reached skill level 1 in Crossbows
  7573 | D:9      | Reached skill level 5 in Armour
  7899 | D:9      | Reached *** piety under Okawaru
  8609 | D:9      | Noticed an oklob plant
  8649 | D:9      | Gained mutation: You are agile. (Dex +2) [evolution]
  8873 | D:10     | Entered Level 10 of the Dungeon
  9095 | D:10     | Reached XP level 11. HP: 82/95 MP: 11/11
  9680 | D:11     | Noticed an eight-headed hydra
  9944 | Lair:1   | Entered Level 1 of the Lair of Beasts
 10374 | Lair:1   | Reached **** piety under Okawaru
 10374 | Lair:1   | Reached skill level 1 in Invocations
 10388 | Lair:1   | Reached skill level 5 in Crossbows
 11019 | Lair:1   | Received a gift from Okawaru
 11277 | Lair:1   | Lost mutation: You expend magic power (3 MP) to strengthen your wands. [evolution]
 11715 | Lair:2   | Received a gift from Okawaru
 11951 | Lair:2   | Noticed Fannar
 11978 | Lair:2   | Killed Fannar
 12049 | Lair:2   | HP: 3/99 [wolf (3)]
 12049 | Lair:2   | Mangled by a spiny frog

Skill      XL: |  1  2  3  4  5  6  7  8  9 10 11 |
---------------+----------------------------------+-----
Axes           | 3 4 7 8 9 10 12 14 | 14.0
Fighting       | 4 5 6 8 9 |  9.8
Dodging        | 2 3 5 6 7 |  7.0
Armour         | 4 5 6 |  6.8
Shields        | 4 |  4.3
Crossbows      | 3 6 |  6.2
Invocations    | 2 |  2.0

Action                   |  1- 3 |  4- 6 |  7- 9 | 10-12 || total
-------------------------+-------+-------+-------+-------++-------
Melee: War axe           |   103 |   122 |   419 |   512 ||  1156
 Fire: Hand crossbow     |       |       |       |    11 ||    11
Invok: Heroism           |       |       |       |    10 ||    10
  Use: Potion            |     1 |     1 |     1 |     5 ||     8
       Scroll            |       |     2 |     8 |    10 ||    20
  Eat: Chunk             |     1 |     4 |    24 |    16 ||    45
       Fruit             |       |       |       |     1 ||     1
Armor: Scale mail        |    51 |    57 |   129 |       ||   237
       Chain mail        |       |       |    25 |   216 ||   241
       Skin              |       |       |     9 |       ||     9
Dodge: Dodged            |    39 |    45 |   114 |   169 ||   367
Block: Shield            |    61 |    84 |   146 |   237 ||   528
